 Dungeon Crawl Stone Soup version 0.20-a0-16-g0876c8e (webtiles) character file.

145 KristoblXynda the Chopper (level 5, 0/42 HPs)
             Began as a Minotaur Skald on Nov 3, 2016.
             Killed from afar by an orc wizard (6 damage)
             ... with a magic dart
             ... on level 3 of the Dungeon.
             The game lasted 00:02:58 (1742 turns).

KristoblXynda the Chopper (Minotaur Skald)          Turns: 1742, Time: 00:02:59

Health: 0/42       AC:  6    Str: 17    XL:     5   Next: 6%
Magic:  6/6        EV:  9    Int: 14    God:
Gold:   196        SH:  0    Dex: 10    Spells: 1 memorised, 5 levels left

rFire  . . .     SeeInvis .     m - +1 whip (flame)
rCold  . . .     Gourm    .     j - +0 scale mail
rNeg   . . .     Faith    .     (no shield)
rPois  .         Spirit   .     (helmet restricted)
rElec  .         Reflect  .     (no cloak)
rCorr  .         Harm     .     (no gloves)
MR     .....                    (no boots)
Stlth  ..........               (no amulet)
                                (no ring)
                                (no ring)

@: brilliant
A: retaliatory headbutt, horns 2
a: no special abilities


You were on level 3 of the Dungeon.
You were not hungry.

You visited 1 branch of the dungeon, and saw 3 of its levels.

You collected 196 gold pieces.

Inventory:

Hand Weapons
 a - a +0 hand axe
 m - a +1 whip of flaming (weapon)
Armour
 j - a +0 scale mail (worn)
Jewellery
 q - an uncursed amulet of magic regeneration {unknown}
Wands
 r - a wand of slowing (20/48)
Scrolls
 e - 2 scrolls of remove curse {unknown}
 f - 4 scrolls of identify {unknown}
 h - a scroll of enchant weapon {unknown}
 i - a scroll of recharging {unknown}
 s - a scroll of fear {unknown}
Potions
 g - a potion of might {unknown}
 l - a potion of flight {unknown}
 n - a potion of lignification {unknown}
 o - a potion of magic {unknown}
Books
 c - a book of Battle

   Spells                             Type                      Level
   a - Infusion                       Charms                       1
   b - Shroud of Golubria             Charms/Translocation         2
   c - Song of Slaying                Charms                       2
   d - Spectral Weapon                Hexes/Charms                 3
   e - Regeneration                   Charms/Necromancy            3
Comestibles
 b - 2 meat rations
 d - 3 bread rations
 p - 3 fruits


   Skills:
 - Level 2.4 Fighting
 + Level 4.1 Axes
 + Level 3.6 Armour
 - Level 1.1 Dodging
 - Level 1.3 Spellcasting
 + Level 2.7 Charms


You had 5 spell levels left.
You knew the following spells:

 Your Spells              Type           Power        Failure   Level  Hunger
a - Infusion              Chrm           ###.         3%          1    ##.....


Dungeon Overview and Level Annotations

Branches:
Dungeon (3/15)

Altars:
Okawaru
Zin

Shops:
D:2 *


Innate Abilities, Weirdness & Mutations

You reflexively headbutt those who attack you in melee.
You have a pair of horns on your head.


Message History

You hit the hobgoblin. You burn the hobgoblin.
The hobgoblin is heavily wounded.
The hobgoblin hits you but does no damage.
The orc wizard hits you with a dagger.
The orc wizard miscasts a cantrip.
You hit the orc wizard but do no damage.
The orc wizard barely misses you.
You closely miss the orc wizard. You headbutt the orc wizard!
The orc wizard is heavily wounded.
The orc wizard points at you and mumbles some strange words.
The puff of frost hits you!
* * * LOW HITPOINT WARNING * * *
The orc wizard gestures at you while chanting.
The magic dart hits you!
* * * LOW HITPOINT WARNING * * *
It was a potion of brilliance.
You feel clever all of a sudden. The orc wizard casts a spell at you.
The magic dart hits you!
You die...

##.........##......
...........##.....
................# #+# .#
................###.# .#
....................##.####
................##........#..
##.###...###....†....#......
#. #.#.# #######.#...##.#..
#.#.# #....@og.......... #
..... #.#.#####....###. ##
##.#.# # #.......... ...
#.......... .#
#......####...#< !.o..o..#
.#.# o..#....# # .. .. #.....
. ...##.


You could see an orc wizard and a hobgoblin.

Vanquished Creatures
  An orc wizard (D:3)
  A gnoll (D:2)
  4 adders
  2 oozes
  A leopard gecko (D:1)
  8 orcs
  2 bats (D:1)
  A giant cockroach (D:1)
  4 goblins
  9 hobgoblins
  2 quokkas
  7 frilled lizards
  7 kobolds
  7 rats
56 creatures vanquished.

Notes
Turn   | Place    | Note
-------+----------+-------------------------------------------
     0 | D:1      | KristoblXynda the Minotaur Skald began the quest for the Orb.
     0 | D:1      | Reached XP level 1. HP: 18/18 MP: 1/1
   245 | D:1      | Reached XP level 2. HP: 23/25 MP: 3/3
   750 | D:1      | Reached skill level 3 in Axes
   767 | D:1      | Reached XP level 3. HP: 30/30 MP: 4/4
  1008 | D:2      | Found a glowing silver altar of Zin.
  1010 | D:2      | Found Zin's Purification Station.
  1471 | D:2      | Reached XP level 4. HP: 32/37 MP: 5/5
  1472 | D:2      | Found an iron altar of Okawaru.
  1734 | D:3      | Reached skill level 4 in Axes
  1734 | D:3      | Reached XP level 5. HP: 27/42 MP: 6/6
  1742 | D:3      | Killed from afar by an orc wizard

Vault maps used:
D:1:      onia_arrival_mini_spirals
D:2:      zin_purify, okawaru_altar_gauntlet_db
D:3:      lemuel_doored_altar, uniq_natasha

Skill      XL: |  1  2  3  4 |
---------------+-------------+-----
Armour         | 2 3 |  3.6
Axes           | 3 4 |  4.1
Fighting       | |  2.4
Dodging        | |  1.1
Spellcasting   | |  1.3
Charms         | |  2.7

Action                   |  1- 3 |  4- 6 || total
-------------------------+-------+-------++-------
Melee: Hand axe          |    69 |       ||    69
       Headbutt          |    12 |     9 ||    21
       Whip              |    29 |    59 ||    88
  Use: Potion            |       |     1 ||     1
  Eat: Beef jerky        |     1 |       ||     1
       Chunk             |       |     1 ||     1
Armor: Leather armour    |    15 |       ||    15
       Scale mail        |    25 |    20 ||    45
Dodge: Dodged            |    66 |    28 ||    94
